[ PARTIDA AOE2 · #471016014 ]
UnrankedMalayos vs Persians
Equipo del jugador · DERR
[ ANÁLISIS DE REPETICIÓN · EXTRAÍDO DE LA PARTIDA GRABADA ]
Feudal
10:58
Castillos
17:22
Imperial
26:23
| APM promedio | 40.4 |
| APM pico | 67 |
| eAPM promedio | 29.3 |
| Aldeanos / militares | 139 / 200 |
Foco
⚔️ 28.3% · 🌾 71.7%
Battle Elephant ×192 · Trade Cart ×39 · Fishing Ship ×21 · Trebuchet (Packed) ×4 · Battering Ram ×3 · Monk ×1
Feudal
10:29
Castillos
14:05
Imperial
28:16
| APM promedio | 40.3 |
| APM pico | 80 |
| eAPM promedio | 23.1 |
| Aldeanos / militares | 163 / 184 |
Foco
⚔️ 27.7% · 🌾 72.3%
Knight ×79 · Camel Scout ×69 · Scout Cavalry ×13 · Fishing Ship ×11 · Monk ×10 · Trebuchet (Packed) ×8
Feudal
10:42
Castillos
28:07
Imperial
32:07
| APM promedio | 30.5 |
| APM pico | 69 |
| eAPM promedio | 19.1 |
| Aldeanos / militares | 101 / 20 |
Foco
⚔️ 36.4% · 🌾 63.6%
Hand Cannoneer ×6 · Spearman ×5 · Archer ×3 · Bombard Cannon ×3 · Skirmisher ×2 · Mangonel ×1
Feudal
12:08
Castillos
21:43
Imperial
36:11
| APM promedio | 51.1 |
| APM pico | 134 |
| eAPM promedio | 33.8 |
| Aldeanos / militares | 199 / 186 |
Foco
⚔️ 30.3% · 🌾 69.7%
Spearman ×85 · Hand Cannoneer ×53 · Skirmisher ×36 · Leitis ×4 · Trebuchet (Packed) ×3 · Monk ×2
Feudal
11:47
Castillos
15:43
Imperial
35:50
| APM promedio | 48.2 |
| APM pico | 81 |
| eAPM promedio | 29.5 |
| Aldeanos / militares | 149 / 162 |
Foco
⚔️ 29.1% · 🌾 70.9%
Militia ×97 · Conquistador ×55 · Fishing Ship ×7 · Battering Ram ×6 · Monk ×4
Feudal
10:07
Castillos
14:02
Imperial
28:02
| APM promedio | 36.5 |
| APM pico | 77 |
| eAPM promedio | 23.9 |
| Aldeanos / militares | 155 / 147 |
Foco
⚔️ 28.6% · 🌾 71.4%
Mangudai ×101 · Battering Ram ×31 · Trade Cart ×25 · Mangonel ×14 · Monk ×1
Feudal
9:45
Castillos
21:48
Imperial
35:18
| APM promedio | 56.4 |
| APM pico | 107 |
| eAPM promedio | 30.3 |
| Aldeanos / militares | 119 / 94 |
Foco
⚔️ 19.2% · 🌾 80.8%
Fire Lancer ×70 · Fishing Ship ×27 · Iron Pagoda ×13 · Militia ×9 · Trade Cart ×4 · Scout Cavalry ×1
Feudal
9:07
Castillos
27:54
Imperial
43:59
| APM promedio | 27.6 |
| APM pico | 41 |
| eAPM promedio | 16.3 |
| Aldeanos / militares | 106 / 94 |
Foco
⚔️ 35.0% · 🌾 65.0%
Skirmisher ×62 · Archer ×18 · Cavalry Archer ×9 · Militia ×5
Mapa de la partida
Recursos iniciales + cada clic de construcción. Líneas = muros · curvas = relieve. ◆ oro · ⬟ piedra · ● bayas · ✦ reliquia · ◌ hueco del cierre
Inputs por minuto
— 海的盒子 - - 0.o
Build order — 海的盒子
Primeras 150 de 629 acciones detectadas
| 0:01 | Crear | Villager (Male) |
| 0:02 | Crear | Villager (Male) |
| 0:03 | Construir | House |
| 0:23 | Crear | Villager (Male) |
| 0:42 | Crear | Villager (Male) |
| 0:42 | Crear | Villager (Male) |
| 0:58 | Construir | House |
| 1:37 | Construir | House |
| 1:41 | Crear | Villager (Male) |
| 1:41 | Crear | Villager (Male) |
| 2:01 | Construir | Palisade Wall |
| 2:04 | Construir | Palisade Wall |
| 2:16 | Crear | Villager (Male) |
| 2:40 | Crear | Villager (Male) |
| 2:41 | Crear | Villager (Male) |
| 3:03 | Crear | Villager (Male) |
| 3:03 | Crear | Villager (Male) |
| 3:23 | Crear | Villager (Male) |
| 3:24 | Crear | Villager (Male) |
| 3:50 | Crear | Villager (Male) |
| 4:00 | Crear | Villager (Male) |
| 4:33 | Crear | Villager (Male) |
| 4:39 | Construir | Lumber Camp |
| 4:46 | Construir | House |
| 4:53 | Crear | Villager (Male) |
| 4:53 | Crear | Villager (Male) |
| 5:40 | Crear | Villager (Male) |
| 6:05 | Crear | Villager (Male) |
| 6:42 | Crear | Villager (Male) |
| 6:42 | Crear | Villager (Male) |
| 6:43 | Crear | Villager (Male) |
| 6:57 | Construir | House |
| 7:23 | Construir | House |
| 7:52 | Construir | House |
| 7:53 | Crear | Villager (Male) |
| 8:18 | Construir | Dock |
| 8:20 | Crear | Villager (Male) |
| 8:56 | Construir | Palisade Wall |
| 9:06 | Construir | Mill |
| 9:10 | Crear | Villager (Male) |
| 9:12 | Crear | Fishing Ship |
| 9:15 | Crear | Fishing Ship |
| 9:39 | Investigar | Feudal Age |
| 9:39 | Investigar | Feudal Age |
| 9:43 | Crear | Fishing Ship |
| 10:00 | Construir | House |
| 10:09 | Construir | Mining Camp |
| 10:42 | Crear | Villager (Male) |
| 10:42 | Crear | Villager (Male) |
| 10:50 | Crear | Fishing Ship |
| 10:58 | Edad | Edad Feudal |
| 11:07 | Investigar | Double-Bit Axe |
| 11:07 | Investigar | Double-Bit Axe |
| 11:14 | Investigar | Horse Collar |
| 11:15 | Investigar | Horse Collar |
| 11:17 | Crear | Fishing Ship |
| 11:30 | Crear | Villager (Male) |
| 11:47 | Construir | House |
| 11:48 | Construir | House |
| 11:56 | Crear | Villager (Male) |
| 12:09 | Crear | Fishing Ship |
| 12:25 | Crear | Villager (Male) |
| 12:35 | Construir | Farm |
| 12:37 | Construir | Farm |
| 12:40 | Construir | Farm |
| 12:41 | Construir | Farm |
| 12:51 | Crear | Villager (Male) |
| 13:02 | Crear | Fishing Ship |
| 13:07 | Construir | Farm |
| 13:13 | Construir | Farm |
| 13:18 | Crear | Villager (Male) |
| 13:38 | Crear | Villager (Male) |
| 13:56 | Construir | Market |
| 14:00 | Crear | Villager (Male) |
| 14:03 | Crear | Fishing Ship |
| 14:32 | Construir | Blacksmith |
| 14:42 | Crear | Villager (Male) |
| 14:48 | Construir | Farm |
| 14:56 | Construir | House |
| 15:18 | Investigar | Loom |
| 15:18 | Investigar | Loom |
| 15:24 | Construir | Dock |
| 15:45 | Construir | Fish Trap |
| 15:46 | Investigar | Castle Age |
| 15:47 | Investigar | Castle Age |
| 15:53 | Construir | Fish Trap |
| 15:57 | Construir | Fish Trap |
| 16:10 | Construir | Fish Trap |
| 16:15 | Construir | Fish Trap |
| 16:20 | Construir | Fish Trap |
| 16:26 | Crear | Villager (Male) |
| 16:32 | Construir | Fish Trap |
| 16:38 | Construir | Fish Trap |
| 17:06 | Crear | Fishing Ship |
| 17:08 | Crear | Fishing Ship |
| 17:22 | Edad | Edad de los Castillos |
| 17:25 | Investigar | Bow Saw |
| 17:26 | Investigar | Bow Saw |
| 17:30 | Crear | Villager (Male) |
| 18:03 | Construir | Town Center |
| 18:03 | Crear | Villager (Male) |
| 18:08 | Construir | Fish Trap |
| 18:15 | Construir | Fish Trap |
| 18:18 | Crear | Villager (Male) |
| 18:51 | Construir | Town Center |
| 18:53 | Crear | Villager (Male) |
| 19:05 | Investigar | Tech 906 |
| 19:05 | Investigar | Tech 906 |
| 19:10 | Crear | Fishing Ship |
| 19:12 | Crear | Villager (Male) |
| 19:12 | Crear | Villager (Male) |
| 19:14 | Crear | Villager (Male) |
| 19:15 | Crear | Villager (Male) |
| 19:27 | Construir | Lumber Camp |
| 19:34 | Construir | House |
| 19:35 | Construir | House |
| 19:36 | Construir | House |
| 19:41 | Crear | Villager (Male) |
| 19:42 | Investigar | Gillnets |
| 19:42 | Investigar | Gillnets |
| 19:49 | Crear | Fishing Ship |
| 19:49 | Crear | Fishing Ship |
| 19:57 | Crear | Villager (Male) |
| 19:57 | Crear | Villager (Male) |
| 20:06 | Crear | Villager (Male) |
| 20:09 | Construir | Fish Trap |
| 20:13 | Crear | Fishing Ship |
| 20:16 | Crear | Villager (Male) |
| 20:18 | Crear | Villager (Male) |
| 20:24 | Investigar | Stone Mining |
| 20:24 | Investigar | Stone Mining |
| 20:28 | Crear | Villager (Male) |
| 20:33 | Construir | Fish Trap |
| 20:34 | Crear | Fishing Ship |
| 20:38 | Crear | Fishing Ship |
| 20:40 | Crear | Villager (Male) |
| 20:40 | Crear | Villager (Male) |
| 20:41 | Crear | Villager (Male) |
| 20:41 | Crear | Villager (Male) |
| 20:47 | Investigar | Gold Mining |
| 20:47 | Investigar | Gold Mining |
| 21:00 | Construir | Fish Trap |
| 21:03 | Crear | Villager (Male) |
| 21:03 | Crear | Villager (Male) |
| 21:03 | Crear | Villager (Male) |
| 21:08 | Construir | Town Center |
| 21:15 | Construir | House |
| 21:16 | Construir | House |
| 21:16 | Construir | House |
| 21:20 | Construir | Fish Trap |
Build order — 0.o
Primeras 150 de 500 acciones detectadas
| 0:01 | Crear | Villager (Male) |
| 0:01 | Crear | Villager (Male) |
| 0:03 | Construir | House |
| 0:06 | Construir | House |
| 0:21 | Crear | Villager (Male) |
| 0:23 | Crear | Villager (Male) |
| 0:24 | Crear | Villager (Male) |
| 0:24 | Crear | Villager (Male) |
| 1:34 | Crear | Villager (Male) |
| 1:59 | Construir | Lumber Camp |
| 2:02 | Crear | Villager (Male) |
| 2:23 | Crear | Villager (Male) |
| 2:42 | Crear | Villager (Male) |
| 3:15 | Crear | Villager (Male) |
| 3:26 | Construir | House |
| 3:47 | Crear | Villager (Male) |
| 3:47 | Crear | Villager (Male) |
| 3:55 | Crear | Villager (Male) |
| 4:28 | Crear | Villager (Male) |
| 4:42 | Construir | Dock |
| 4:58 | Crear | Villager (Male) |
| 4:59 | Crear | Villager (Male) |
| 4:59 | Crear | Villager (Male) |
| 5:10 | Construir | House |
| 5:28 | Crear | Fishing Ship |
| 5:28 | Crear | Fishing Ship |
| 5:43 | Crear | Villager (Male) |
| 5:44 | Crear | Villager (Male) |
| 5:44 | Crear | Villager (Male) |
| 5:45 | Crear | Villager (Male) |
| 5:56 | Construir | House |
| 6:02 | Crear | Fishing Ship |
| 6:02 | Crear | Fishing Ship |
| 6:24 | Crear | Villager (Male) |
| 6:34 | Construir | House |
| 6:54 | Crear | Fishing Ship |
| 7:34 | Crear | Villager (Male) |
| 7:38 | Construir | Mining Camp |
| 7:55 | Crear | Villager (Male) |
| 8:10 | Crear | Fishing Ship |
| 8:15 | Construir | House |
| 8:25 | Investigar | Feudal Age |
| 8:25 | Investigar | Feudal Age |
| 9:20 | Construir | Mill |
| 9:46 | Crear | Villager (Male) |
| 9:47 | Crear | Villager (Male) |
| 10:29 | Edad | Edad Feudal |
| 10:35 | Construir | Market |
| 10:52 | Construir | Blacksmith |
| 10:52 | Crear | Villager (Male) |
| 11:39 | Investigar | Castle Age |
| 11:39 | Investigar | Castle Age |
| 12:23 | Crear | Villager (Male) |
| 13:39 | Construir | House |
| 13:43 | Crear | Fishing Ship |
| 13:43 | Crear | Fishing Ship |
| 13:49 | Construir | Fish Trap |
| 14:05 | Edad | Edad de los Castillos |
| 14:11 | Construir | Town Center |
| 14:15 | Crear | Villager (Male) |
| 14:21 | Investigar | Double-Bit Axe |
| 14:39 | Crear | Villager (Male) |
| 14:58 | Construir | Town Center |
| 15:05 | Crear | Villager (Male) |
| 15:18 | Crear | Villager (Male) |
| 15:21 | Construir | Fish Trap |
| 15:28 | Crear | Villager (Male) |
| 15:52 | Construir | Fish Trap |
| 16:00 | Construir | Fish Trap |
| 16:01 | Crear | Villager (Male) |
| 16:01 | Crear | Villager (Male) |
| 16:03 | Crear | Villager (Male) |
| 16:03 | Crear | Villager (Male) |
| 16:13 | Construir | Fish Trap |
| 16:21 | Crear | Villager (Male) |
| 16:22 | Crear | Villager (Male) |
| 16:25 | Crear | Villager (Male) |
| 16:26 | Crear | Villager (Male) |
| 16:27 | Crear | Villager (Male) |
| 16:27 | Crear | Villager (Male) |
| 16:39 | Crear | Villager (Male) |
| 16:47 | Construir | Monastery |
| 17:06 | Crear | Villager (Male) |
| 17:11 | Crear | Fishing Ship |
| 17:25 | Investigar | Horse Collar |
| 17:27 | Crear | Villager (Male) |
| 17:27 | Crear | Villager (Male) |
| 17:29 | Construir | Farm |
| 17:30 | Construir | Farm |
| 17:32 | Construir | Farm |
| 17:34 | Crear | Monk |
| 17:35 | Construir | Farm |
| 17:38 | Construir | Farm |
| 17:40 | Crear | Villager (Male) |
| 17:43 | Crear | Villager (Male) |
| 17:44 | Crear | Villager (Male) |
| 17:49 | Construir | Farm |
| 17:57 | Construir | House |
| 18:02 | Construir | Fish Trap |
| 18:07 | Crear | Villager (Male) |
| 18:15 | Crear | Villager (Male) |
| 18:19 | Construir | House |
| 18:21 | Crear | Villager (Male) |
| 18:32 | Crear | Villager (Male) |
| 18:36 | Construir | Farm |
| 18:38 | Construir | Farm |
| 18:40 | Construir | Farm |
| 18:45 | Crear | Villager (Male) |
| 18:55 | Crear | Villager (Male) |
| 18:55 | Crear | Villager (Male) |
| 18:57 | Construir | Farm |
| 18:59 | Construir | Farm |
| 19:00 | Crear | Villager (Male) |
| 19:00 | Crear | Villager (Male) |
| 19:03 | Construir | Farm |
| 19:04 | Construir | Farm |
| 19:05 | Crear | Villager (Male) |
| 19:18 | Crear | Villager (Male) |
| 19:26 | Investigar | Loom |
| 19:26 | Crear | Villager (Male) |
| 19:37 | Construir | Castle |
| 19:40 | Crear | Villager (Male) |
| 19:40 | Crear | Villager (Male) |
| 19:40 | Crear | Villager (Male) |
| 19:43 | Construir | Farm |
| 19:44 | Construir | Farm |
| 19:45 | Crear | Villager (Male) |
| 19:47 | Construir | House |
| 19:52 | Construir | Farm |
| 19:53 | Construir | Farm |
| 19:55 | Crear | Villager (Male) |
| 19:59 | Crear | Villager (Male) |
| 20:03 | Construir | Farm |
| 20:06 | Construir | Farm |
| 20:07 | Crear | Villager (Male) |
| 20:07 | Crear | Villager (Male) |
| 20:14 | Construir | Farm |
| 20:15 | Crear | Villager (Male) |
| 20:17 | Crear | Villager (Male) |
| 20:18 | Crear | Villager (Male) |
| 20:21 | Crear | Villager (Male) |
| 20:28 | Construir | House |
| 20:30 | Crear | Villager (Male) |
| 20:34 | Construir | Farm |
| 20:36 | Construir | Farm |
| 20:47 | Investigar | Wheelbarrow |
| 20:47 | Investigar | Town Watch |
| 20:47 | Investigar | Town Watch |
| 20:50 | Crear | Villager (Male) |
| 20:56 | Construir | Stone Wall |
Build order — SirBrenner
Primeras 150 de 244 acciones detectadas
| 0:01 | Crear | Villager (Male) ×4 |
| 0:01 | Crear | Villager (Male) ×4 |
| 0:03 | Construir | House |
| 0:05 | Construir | House |
| 0:21 | Investigar | Loom |
| 0:22 | Crear | Villager (Male) |
| 0:23 | Crear | Villager (Male) |
| 0:23 | Crear | Villager (Male) |
| 0:23 | Crear | Villager (Male) |
| 0:43 | Construir | Palisade Wall |
| 0:44 | Construir | Palisade Wall |
| 1:05 | Construir | Palisade Wall |
| 1:23 | Construir | Palisade Wall |
| 2:08 | Crear | Villager (Male) |
| 2:08 | Crear | Villager (Male) |
| 2:28 | Construir | Lumber Camp |
| 2:43 | Crear | Villager (Male) |
| 2:43 | Crear | Villager (Male) |
| 3:26 | Crear | Villager (Male) |
| 3:50 | Crear | Villager (Male) |
| 3:51 | Crear | Villager (Male) |
| 4:12 | Construir | House |
| 4:16 | Construir | Palisade Wall |
| 4:18 | Construir | Palisade Wall |
| 4:18 | Construir | Palisade Wall |
| 4:19 | Construir | Palisade Wall |
| 4:22 | Crear | Villager (Male) |
| 4:23 | Crear | Villager (Male) |
| 4:23 | Crear | Villager (Male) |
| 4:40 | Crear | Villager (Male) |
| 4:40 | Crear | Villager (Male) |
| 5:27 | Crear | Villager (Male) |
| 5:27 | Crear | Villager (Male) |
| 6:10 | Construir | House |
| 6:16 | Crear | Villager (Male) |
| 6:50 | Crear | Villager (Male) |
| 7:14 | Construir | Mill |
| 7:16 | Crear | Villager (Male) |
| 7:27 | Crear | Villager (Male) |
| 7:53 | Crear | Villager (Male) |
| 8:17 | Investigar | Feudal Age |
| 9:24 | Construir | Palisade Wall |
| 9:26 | Construir | Palisade Wall |
| 9:27 | Construir | Palisade Wall |
| 9:46 | Construir | Dock |
| 9:48 | Construir | Palisade Wall |
| 9:55 | Crear | Villager (Male) |
| 10:42 | Edad | Edad Feudal |
| 10:59 | Crear | Villager (Male) |
| 11:12 | Crear | Villager (Male) |
| 11:46 | Construir | House |
| 11:48 | Construir | Palisade Wall |
| 11:50 | Crear | Villager (Male) |
| 11:58 | Construir | Barracks |
| 12:30 | Construir | Palisade Wall |
| 12:42 | Crear | Villager (Male) |
| 13:09 | Crear | Villager (Male) |
| 13:12 | Construir | Archery Range |
| 13:31 | Construir | Watch Tower |
| 13:33 | Construir | Palisade Wall |
| 13:34 | Construir | Palisade Wall |
| 13:34 | Construir | Palisade Wall |
| 13:35 | Construir | Palisade Wall |
| 13:35 | Construir | Palisade Wall |
| 13:35 | Construir | Palisade Wall |
| 13:36 | Construir | Palisade Wall |
| 13:37 | Construir | Palisade Wall |
| 13:45 | Crear | Villager (Male) |
| 13:54 | Construir | Lumber Camp |
| 14:04 | Crear | Villager (Male) |
| 14:23 | Construir | House |
| 14:37 | Crear | Villager (Male) |
| 14:48 | Construir | Mining Camp |
| 14:58 | Crear | Archer |
| 14:58 | Crear | Archer |
| 15:00 | Crear | Villager (Male) |
| 15:12 | Construir | Palisade Wall |
| 15:27 | Construir | Palisade Wall |
| 15:28 | Construir | Palisade Wall |
| 15:30 | Construir | Palisade Wall |
| 15:40 | Crear | Archer |
| 15:41 | Crear | Villager (Male) |
| 15:46 | Construir | Palisade Wall |
| 15:52 | Crear | Villager (Male) |
| 15:58 | Crear | Villager (Male) |
| 16:10 | Construir | House |
| 16:26 | Construir | Palisade Wall |
| 16:28 | Construir | Palisade Wall |
| 16:52 | Crear | Skirmisher |
| 16:53 | Crear | Skirmisher |
| 16:54 | Crear | Villager (Male) |
| 17:11 | Crear | Villager (Male) |
| 17:33 | Crear | Villager (Male) |
| 17:47 | Crear | Villager (Male) |
| 17:56 | Crear | Villager (Male) |
| 18:20 | Crear | Villager (Male) |
| 19:12 | Construir | Palisade Wall |
| 19:20 | Crear | Villager (Male) |
| 19:25 | Construir | House |
| 19:26 | Construir | House |
| 19:36 | Investigar | Horse Collar |
| 19:39 | Construir | Farm |
| 19:40 | Construir | Farm |
| 19:40 | Construir | Farm |
| 19:40 | Construir | Farm |
| 19:40 | Construir | Farm |
| 19:41 | Construir | Farm |
| 19:44 | Construir | Farm |
| 19:54 | Crear | Villager (Male) |
| 20:06 | Crear | Villager (Male) |
| 20:08 | Construir | Farm |
| 20:21 | Crear | Villager (Male) |
| 20:25 | Investigar | Double-Bit Axe |
| 20:37 | Crear | Villager (Male) |
| 21:13 | Construir | Farm |
| 21:14 | Construir | Farm |
| 21:36 | Crear | Villager (Male) |
| 21:37 | Crear | Villager (Male) |
| 21:45 | Construir | Building 487 |
| 21:47 | Construir | Stone Wall |
| 21:50 | Construir | Stone Wall |
| 21:51 | Construir | Stone Wall |
| 21:52 | Crear | Villager (Male) |
| 22:25 | Crear | Villager (Male) |
| 22:36 | Construir | Farm |
| 22:36 | Construir | Farm |
| 22:37 | Construir | Farm |
| 22:37 | Construir | Farm |
| 22:37 | Construir | Farm |
| 22:37 | Construir | Farm |
| 22:38 | Crear | Villager (Male) |
| 22:50 | Construir | Mining Camp |
| 22:51 | Crear | Villager (Male) |
| 23:25 | Crear | Villager (Male) |
| 23:51 | Construir | Stone Wall |
| 24:06 | Construir | House |
| 24:07 | Construir | House |
| 24:12 | Investigar | Wheelbarrow |
| 24:16 | Construir | Blacksmith |
| 24:20 | Construir | Market |
| 24:22 | Crear | Villager (Male) |
| 24:43 | Investigar | Castle Age |
| 25:18 | Crear | Villager (Male) |
| 25:20 | Construir | House |
| 25:21 | Construir | House |
| 25:26 | Construir | Farm |
| 25:28 | Construir | Farm |
| 26:25 | Construir | House |
| 26:54 | Crear | Villager (Male) |
| 27:05 | Construir | House |
Build order — FC | The Finrod Felegund
Primeras 150 de 557 acciones detectadas
| 0:01 | Crear | Villager (Male) |
| 0:02 | Construir | House |
| 0:07 | Investigar | Loom |
| 0:07 | Crear | Villager (Male) |
| 0:08 | Crear | Villager (Male) |
| 0:08 | Crear | Villager (Male) |
| 0:08 | Crear | Villager (Male) |
| 0:09 | Crear | Villager (Male) |
| 0:09 | Crear | Villager (Male) |
| 1:00 | Construir | Palisade Wall |
| 1:43 | Construir | Palisade Wall |
| 1:57 | Construir | Palisade Wall |
| 2:13 | Construir | Palisade Wall |
| 2:14 | Construir | Palisade Wall |
| 2:21 | Construir | Lumber Camp |
| 2:55 | Construir | Palisade Wall |
| 2:58 | Crear | Villager (Male) |
| 2:58 | Crear | Villager (Male) |
| 3:06 | Construir | Palisade Wall |
| 3:25 | Crear | Villager (Male) |
| 3:25 | Crear | Villager (Male) |
| 3:31 | Construir | House |
| 4:29 | Crear | Villager (Male) |
| 4:29 | Crear | Villager (Male) |
| 4:45 | Crear | Villager (Male) |
| 4:45 | Crear | Villager (Male) |
| 4:52 | Construir | House |
| 4:53 | Construir | Palisade Wall |
| 4:54 | Construir | Palisade Wall |
| 4:54 | Construir | Palisade Wall |
| 5:10 | Crear | Villager (Male) |
| 5:39 | Crear | Villager (Male) |
| 6:03 | Crear | Villager (Male) |
| 6:26 | Construir | Mining Camp |
| 6:32 | Crear | Villager (Male) |
| 6:51 | Crear | Villager (Male) |
| 7:03 | Crear | Villager (Male) |
| 7:18 | Construir | Palisade Wall |
| 7:19 | Construir | Palisade Wall |
| 7:40 | Crear | Villager (Male) |
| 7:44 | Construir | House |
| 7:58 | Crear | Villager (Male) |
| 8:42 | Crear | Villager (Male) |
| 9:06 | Construir | Mill |
| 9:08 | Crear | Villager (Male) |
| 9:29 | Crear | Villager (Male) |
| 9:41 | Construir | House |
| 9:57 | Investigar | Feudal Age |
| 10:48 | Crear | Villager (Male) |
| 10:48 | Crear | Villager (Male) |
| 11:20 | Construir | Palisade Wall |
| 11:24 | Construir | House |
| 11:26 | Construir | Palisade Wall |
| 11:32 | Construir | Palisade Gate |
| 12:02 | Construir | Palisade Wall |
| 12:08 | Edad | Edad Feudal |
| 12:17 | Construir | Stone Wall |
| 12:24 | Construir | Building 490 |
| 12:26 | Construir | Stone Wall |
| 12:27 | Construir | Stone Wall |
| 12:33 | Construir | Building 487 |
| 12:37 | Construir | Building 487 |
| 12:40 | Construir | Stone Wall |
| 12:53 | Construir | Stone Wall |
| 12:57 | Construir | Stone Wall |
| 13:00 | Construir | Stone Wall |
| 13:18 | Crear | Villager (Male) |
| 13:22 | Construir | Lumber Camp |
| 13:34 | Construir | Stone Wall |
| 13:48 | Construir | Stone Wall |
| 13:49 | Construir | Stone Wall |
| 13:49 | Construir | Stone Wall |
| 13:51 | Investigar | Town Watch |
| 13:52 | Crear | Villager (Male) |
| 14:00 | Investigar | Double-Bit Axe |
| 14:05 | Crear | Villager (Male) |
| 14:17 | Construir | Stone Wall |
| 14:18 | Construir | Stone Wall |
| 14:19 | Construir | Stone Wall |
| 14:20 | Construir | Stone Wall |
| 14:21 | Construir | Stone Wall |
| 14:23 | Construir | Stone Wall |
| 14:25 | Construir | Stone Wall |
| 14:43 | Construir | Farm |
| 14:46 | Construir | Farm |
| 14:46 | Crear | Villager (Male) |
| 14:58 | Investigar | Wheelbarrow |
| 15:14 | Construir | Stone Wall |
| 15:25 | Construir | Stone Wall |
| 15:55 | Crear | Villager (Male) |
| 16:20 | Construir | Farm |
| 16:20 | Construir | Farm |
| 16:20 | Construir | Farm |
| 16:21 | Construir | Farm |
| 16:51 | Crear | Villager (Male) |
| 17:02 | Construir | Palisade Wall |
| 17:11 | Investigar | Horse Collar |
| 17:14 | Construir | House |
| 17:30 | Crear | Villager (Male) |
| 17:40 | Construir | Market |
| 17:50 | Crear | Villager (Male) |
| 18:22 | Crear | Villager (Male) |
| 18:25 | Construir | Blacksmith |
| 18:36 | Construir | Farm |
| 19:03 | Investigar | Castle Age |
| 19:17 | Construir | Stone Wall |
| 19:20 | Construir | Stone Wall |
| 19:34 | Construir | Palisade Gate |
| 20:48 | Construir | House |
| 20:49 | Construir | House |
| 21:00 | Crear | Villager (Male) |
| 21:43 | Edad | Edad de los Castillos |
| 21:50 | Construir | Town Center |
| 21:58 | Construir | Stone Wall |
| 22:02 | Crear | Villager (Male) |
| 22:12 | Construir | Castle |
| 22:17 | Construir | Stone Wall |
| 22:31 | Crear | Villager (Male) |
| 22:45 | Construir | House |
| 22:55 | Crear | Villager (Male) |
| 22:57 | Construir | Monastery |
| 23:01 | Crear | Villager (Male) |
| 23:03 | Construir | Town Center |
| 23:14 | Construir | Farm |
| 23:15 | Construir | Farm |
| 23:20 | Construir | Town Center |
| 23:26 | Crear | Monk |
| 23:28 | Investigar | Hand Cart |
| 23:29 | Crear | Villager (Male) |
| 23:32 | Construir | Farm |
| 23:53 | Construir | Farm |
| 23:54 | Crear | Villager (Male) |
| 23:54 | Crear | Villager (Male) |
| 23:56 | Crear | Monk |
| 24:08 | Construir | Farm |
| 24:10 | Construir | Farm |
| 24:10 | Construir | Farm |
| 24:10 | Construir | Farm |
| 24:21 | Crear | Villager (Male) |
| 24:21 | Crear | Villager (Male) |
| 24:27 | Construir | Farm |
| 24:28 | Construir | Farm |
| 24:29 | Construir | Farm |
| 24:43 | Construir | Farm |
| 24:44 | Crear | Villager (Male) |
| 24:44 | Crear | Villager (Male) |
| 24:48 | Crear | Villager (Male) |
| 24:49 | Crear | Villager (Male) |
| 24:54 | Construir | Farm |
| 24:55 | Crear | Villager (Male) |
Build order — Youtube / Saqo Age of empires 2
Primeras 150 de 529 acciones detectadas
| 0:00 | Crear | Villager (Male) |
| 0:00 | Crear | Villager (Male) |
| 0:01 | Crear | Villager (Male) |
| 0:02 | Construir | House |
| 0:03 | Construir | House |
| 0:06 | Construir | House |
| 0:25 | Crear | Villager (Male) |
| 1:34 | Crear | Villager (Male) |
| 1:45 | Construir | Lumber Camp |
| 2:07 | Crear | Villager (Male) |
| 2:20 | Crear | Villager (Male) |
| 2:54 | Crear | Villager (Male) |
| 2:54 | Crear | Villager (Male) |
| 3:08 | Crear | Villager (Male) |
| 3:24 | Construir | House |
| 3:33 | Crear | Villager (Male) |
| 4:04 | Crear | Villager (Male) |
| 4:20 | Crear | Villager (Male) |
| 4:56 | Crear | Villager (Male) |
| 4:56 | Crear | Villager (Male) |
| 5:20 | Construir | Dock |
| 5:46 | Crear | Villager (Male) |
| 5:52 | Crear | Fishing Ship |
| 6:02 | Crear | Fishing Ship |
| 6:04 | Crear | Villager (Male) |
| 6:06 | Crear | Villager (Male) |
| 6:10 | Crear | Villager (Male) |
| 6:26 | Crear | Villager (Male) |
| 6:49 | Crear | Fishing Ship |
| 6:58 | Construir | House |
| 7:00 | Crear | Villager (Male) |
| 7:03 | Crear | Villager (Male) |
| 7:03 | Crear | Villager (Male) |
| 7:08 | Crear | Villager (Male) |
| 7:45 | Crear | Fishing Ship |
| 8:10 | Construir | House |
| 9:01 | Crear | Fishing Ship |
| 9:11 | Investigar | Feudal Age |
| 9:18 | Crear | Villager (Male) |
| 9:28 | Crear | Villager (Male) |
| 9:34 | Construir | Mining Camp |
| 9:59 | Crear | Fishing Ship |
| 11:30 | Construir | Palisade Wall |
| 11:47 | Edad | Edad Feudal |
| 11:54 | Construir | Building 796 |
| 11:54 | Crear | Villager (Male) |
| 12:00 | Construir | Mill |
| 12:06 | Construir | Mining Camp |
| 12:07 | Crear | Fishing Ship |
| 12:18 | Construir | House |
| 12:24 | Construir | Market |
| 12:28 | Construir | Blacksmith |
| 12:56 | Investigar | Castle Age |
| 12:56 | Investigar | Castle Age |
| 13:06 | Construir | Mining Camp |
| 13:09 | Crear | Villager (Male) |
| 13:10 | Crear | Villager (Male) |
| 13:13 | Investigar | Double-Bit Axe |
| 13:13 | Investigar | Double-Bit Axe |
| 13:29 | Construir | Stone Wall |
| 14:08 | Construir | Fish Trap |
| 14:18 | Construir | Fish Trap |
| 14:30 | Construir | Fish Trap |
| 15:03 | Construir | Fish Trap |
| 15:05 | Crear | Villager (Male) |
| 15:43 | Edad | Edad de los Castillos |
| 15:53 | Construir | Castle |
| 15:56 | Investigar | Bow Saw |
| 16:01 | Construir | Fish Trap |
| 16:47 | Crear | Villager (Male) |
| 16:52 | Construir | Fish Trap |
| 16:55 | Construir | Fish Trap |
| 16:56 | Crear | Villager (Male) |
| 17:00 | Crear | Conquistador |
| 17:01 | Crear | Conquistador |
| 17:07 | Crear | Conquistador |
| 17:14 | Crear | Villager (Male) |
| 17:37 | Crear | Conquistador |
| 17:38 | Crear | Villager (Male) |
| 17:55 | Crear | Conquistador |
| 17:59 | Crear | Villager (Male) |
| 18:06 | Construir | Siege Workshop |
| 18:43 | Crear | Conquistador |
| 18:55 | Crear | Villager (Male) |
| 18:56 | Crear | Villager (Male) |
| 19:01 | Crear | Conquistador |
| 19:03 | Crear | Villager (Male) |
| 19:25 | Investigar | Horse Collar |
| 19:25 | Investigar | Horse Collar |
| 19:53 | Crear | Villager (Male) |
| 20:11 | Crear | Villager (Male) |
| 20:21 | Construir | Farm |
| 20:35 | Crear | Villager (Male) |
| 20:50 | Construir | Monastery |
| 20:52 | Crear | Villager (Male) |
| 20:55 | Construir | Town Center |
| 21:14 | Crear | Villager (Male) |
| 21:19 | Crear | Villager (Male) |
| 21:30 | Crear | Conquistador |
| 21:44 | Crear | Conquistador |
| 22:04 | Crear | Battering Ram |
| 22:06 | Crear | Conquistador |
| 22:23 | Construir | House |
| 22:24 | Crear | Monk |
| 22:27 | Crear | Villager (Male) |
| 22:29 | Construir | Farm |
| 22:31 | Construir | Farm |
| 22:32 | Construir | Farm |
| 22:45 | Crear | Battering Ram |
| 22:48 | Crear | Conquistador |
| 22:49 | Crear | Monk |
| 22:51 | Construir | House |
| 22:51 | Construir | House |
| 22:52 | Construir | House |
| 23:10 | Crear | Villager (Male) |
| 23:32 | Crear | Villager (Male) |
| 23:46 | Crear | Villager (Male) |
| 23:47 | Crear | Villager (Male) |
| 23:53 | Crear | Villager (Male) |
| 23:54 | Crear | Battering Ram |
| 23:58 | Construir | Farm |
| 23:59 | Construir | Farm |
| 24:00 | Construir | Farm |
| 24:03 | Construir | Farm |
| 24:04 | Construir | Farm |
| 24:06 | Crear | Monk |
| 24:40 | Crear | Villager (Male) |
| 24:40 | Crear | Villager (Male) |
| 24:46 | Crear | Villager (Male) |
| 24:47 | Crear | Villager (Male) |
| 24:48 | Crear | Villager (Male) |
| 24:50 | Crear | Battering Ram |
| 24:57 | Crear | Villager (Male) |
| 25:18 | Crear | Villager (Male) |
| 25:25 | Crear | Conquistador |
| 25:32 | Investigar | Devotion |
| 25:50 | Crear | Conquistador |
| 25:51 | Crear | Villager (Male) |
| 25:51 | Crear | Villager (Male) |
| 26:07 | Crear | Villager (Male) |
| 26:07 | Crear | Villager (Male) |
| 26:19 | Crear | Villager (Male) |
| 26:19 | Crear | Villager (Male) |
| 27:00 | Crear | Conquistador |
| 27:05 | Crear | Conquistador |
| 27:07 | Crear | Villager (Male) |
| 27:08 | Crear | Villager (Male) |
| 27:08 | Crear | Villager (Male) |
| 27:10 | Construir | House |
| 27:10 | Construir | House |
Build order — fangbb
Primeras 150 de 455 acciones detectadas
| 0:01 | Crear | Villager (Male) ×4 |
| 0:05 | Construir | House |
| 0:06 | Construir | House |
| 0:08 | Construir | House |
| 1:33 | Crear | Villager (Male) |
| 1:50 | Construir | Lumber Camp |
| 2:06 | Crear | Villager (Male) |
| 2:07 | Crear | Villager (Male) |
| 2:26 | Crear | Villager (Male) |
| 2:26 | Crear | Villager (Male) |
| 2:54 | Crear | Villager (Male) |
| 2:55 | Crear | Villager (Male) |
| 3:12 | Crear | Villager (Male) |
| 3:12 | Crear | Villager (Male) |
| 3:40 | Crear | Villager (Male) |
| 3:41 | Crear | Villager (Male) |
| 4:10 | Crear | Villager (Male) |
| 4:35 | Crear | Villager (Male) |
| 5:00 | Crear | Villager (Male) |
| 5:16 | Crear | Villager (Male) |
| 5:28 | Crear | Villager (Male) |
| 5:33 | Construir | Mill |
| 5:41 | Crear | Villager (Male) |
| 5:55 | Construir | House |
| 6:10 | Crear | Villager (Male) |
| 6:50 | Crear | Villager (Male) |
| 7:04 | Construir | Mining Camp |
| 7:19 | Crear | Villager (Male) |
| 7:41 | Construir | House |
| 7:42 | Investigar | Feudal Age |
| 7:42 | Investigar | Feudal Age |
| 8:36 | Crear | Villager (Male) |
| 8:36 | Crear | Villager (Male) |
| 10:07 | Edad | Edad Feudal |
| 10:09 | Construir | Blacksmith |
| 10:14 | Construir | Market |
| 10:38 | Crear | Villager (Male) |
| 11:07 | Investigar | Castle Age |
| 11:19 | Investigar | Double-Bit Axe |
| 11:20 | Investigar | Double-Bit Axe |
| 12:08 | Construir | House |
| 12:25 | Construir | House |
| 12:35 | Investigar | Horse Collar |
| 12:35 | Investigar | Horse Collar |
| 12:56 | Construir | House |
| 13:00 | Construir | Palisade Wall |
| 13:01 | Construir | Palisade Wall |
| 13:35 | Crear | Villager (Male) |
| 13:52 | Construir | House |
| 14:02 | Edad | Edad de los Castillos |
| 14:07 | Construir | Town Center |
| 14:08 | Investigar | Bow Saw |
| 14:08 | Investigar | Bow Saw |
| 14:11 | Construir | Farm |
| 14:12 | Construir | Farm |
| 14:20 | Construir | Town Center |
| 14:23 | Crear | Villager (Male) |
| 14:31 | Construir | Farm |
| 14:32 | Construir | Farm |
| 14:43 | Crear | Villager (Male) |
| 14:54 | Construir | Farm |
| 15:05 | Construir | House |
| 15:08 | Crear | Villager (Male) |
| 15:19 | Construir | Farm |
| 15:28 | Crear | Villager (Male) |
| 15:31 | Crear | Villager (Male) |
| 15:40 | Construir | House |
| 15:44 | Construir | Farm |
| 15:55 | Crear | Villager (Male) |
| 15:55 | Crear | Villager (Male) |
| 16:00 | Construir | Farm |
| 16:03 | Crear | Villager (Male) |
| 16:09 | Construir | Farm |
| 16:17 | Construir | House |
| 16:18 | Crear | Villager (Male) |
| 16:18 | Crear | Villager (Male) |
| 16:22 | Construir | Farm |
| 16:29 | Crear | Villager (Male) |
| 16:29 | Crear | Villager (Male) |
| 16:36 | Construir | Farm |
| 16:37 | Crear | Villager (Male) |
| 16:37 | Crear | Villager (Male) |
| 16:44 | Construir | Farm |
| 16:55 | Construir | House |
| 16:55 | Crear | Villager (Male) |
| 16:56 | Crear | Villager (Male) |
| 17:08 | Construir | Farm |
| 17:09 | Crear | Villager (Male) |
| 17:09 | Crear | Villager (Male) |
| 17:10 | Crear | Villager (Male) |
| 17:10 | Crear | Villager (Male) |
| 17:15 | Construir | Farm |
| 17:20 | Crear | Villager (Male) |
| 17:20 | Crear | Villager (Male) |
| 17:24 | Construir | House |
| 17:30 | Crear | Villager (Male) |
| 17:30 | Crear | Villager (Male) |
| 17:40 | Crear | Villager (Male) |
| 17:40 | Crear | Villager (Male) |
| 17:44 | Construir | Farm |
| 17:45 | Construir | Farm |
| 17:54 | Crear | Villager (Male) |
| 17:55 | Construir | House |
| 17:56 | Crear | Villager (Male) |
| 17:56 | Crear | Villager (Male) |
| 18:00 | Construir | Farm |
| 18:07 | Crear | Villager (Male) |
| 18:07 | Crear | Villager (Male) |
| 18:13 | Crear | Villager (Male) |
| 18:17 | Crear | Villager (Male) |
| 18:29 | Construir | House |
| 18:30 | Crear | Villager (Male) |
| 18:40 | Construir | Town Center |
| 18:41 | Crear | Villager (Male) |
| 18:44 | Crear | Villager (Male) |
| 18:59 | Crear | Villager (Male) |
| 19:00 | Crear | Villager (Male) |
| 19:05 | Crear | Villager (Male) |
| 19:11 | Construir | Farm |
| 19:14 | Construir | Farm |
| 19:14 | Construir | Farm |
| 19:16 | Crear | Villager (Male) |
| 19:21 | Construir | Farm |
| 19:21 | Crear | Villager (Male) |
| 19:38 | Construir | Stone Wall |
| 19:39 | Construir | Stone Wall |
| 19:40 | Crear | Villager (Male) |
| 19:40 | Crear | Villager (Male) |
| 19:43 | Construir | Farm |
| 19:44 | Crear | Villager (Male) |
| 19:44 | Crear | Villager (Male) |
| 19:48 | Construir | Farm |
| 19:53 | Construir | Farm |
| 19:54 | Crear | Villager (Male) |
| 19:54 | Crear | Villager (Male) |
| 20:06 | Crear | Villager (Male) |
| 20:07 | Crear | Villager (Male) |
| 20:09 | Construir | Farm |
| 20:10 | Crear | Villager (Male) |
| 20:15 | Construir | Farm |
| 20:17 | Construir | Farm |
| 20:18 | Crear | Villager (Male) |
| 20:32 | Crear | Villager (Male) |
| 20:33 | Crear | Villager (Male) |
| 20:34 | Crear | Villager (Male) |
| 20:42 | Construir | Farm |
| 20:42 | Construir | Farm |
| 20:43 | Construir | Farm |
| 20:44 | Construir | Farm |
| 20:45 | Construir | Farm |
Build order — busy pushing deer
Primeras 150 de 422 acciones detectadas
| 0:02 | Crear | Villager (Male) |
| 0:02 | Crear | Villager (Male) |
| 0:05 | Construir | House |
| 0:06 | Construir | House |
| 0:10 | Crear | Villager (Male) |
| 0:10 | Crear | Villager (Male) |
| 0:10 | Crear | Villager (Male) |
| 1:49 | Crear | Villager (Male) |
| 1:49 | Crear | Villager (Male) |
| 1:49 | Crear | Villager (Male) |
| 1:49 | Crear | Villager (Male) |
| 1:50 | Crear | Villager (Male) |
| 2:13 | Crear | Villager (Male) |
| 2:13 | Crear | Villager (Male) |
| 2:13 | Crear | Villager (Male) |
| 2:25 | Construir | Lumber Camp |
| 2:30 | Crear | Villager (Male) |
| 2:30 | Crear | Villager (Male) |
| 2:42 | Construir | House |
| 3:05 | Crear | Villager (Male) |
| 3:06 | Crear | Villager (Male) |
| 3:06 | Crear | Villager (Male) |
| 3:17 | Crear | Villager (Male) |
| 3:18 | Crear | Villager (Male) |
| 3:18 | Crear | Villager (Male) |
| 3:30 | Construir | House |
| 3:42 | Construir | House |
| 3:56 | Crear | Villager (Male) |
| 3:56 | Crear | Villager (Male) |
| 3:56 | Crear | Villager (Male) |
| 4:28 | Crear | Villager (Male) |
| 4:28 | Crear | Villager (Male) |
| 4:28 | Crear | Villager (Male) |
| 4:37 | Construir | House |
| 4:45 | Crear | Villager (Male) |
| 4:45 | Crear | Villager (Male) |
| 4:45 | Crear | Villager (Male) |
| 5:17 | Crear | Villager (Male) |
| 5:59 | Crear | Villager (Male) |
| 6:09 | Construir | Barracks |
| 6:21 | Crear | Villager (Male) |
| 6:36 | Crear | Villager (Male) |
| 7:16 | Construir | Mining Camp |
| 7:35 | Investigar | Feudal Age |
| 8:07 | Crear | Militia |
| 8:23 | Construir | Mill |
| 8:30 | Crear | Militia |
| 8:41 | Construir | House |
| 8:47 | Crear | Militia |
| 8:54 | Crear | Militia |
| 9:04 | Crear | Militia |
| 9:20 | Crear | Militia |
| 9:45 | Edad | Edad Feudal |
| 9:49 | Crear | Villager (Male) |
| 9:50 | Investigar | Man-at-Arms (upgrade) |
| 9:52 | Investigar | Arson |
| 10:01 | Construir | House |
| 10:25 | Crear | Villager (Male) |
| 10:32 | Investigar | Double-Bit Axe |
| 10:52 | Crear | Villager (Male) |
| 10:54 | Construir | Mill |
| 11:12 | Crear | Villager (Male) |
| 11:55 | Crear | Villager (Male) |
| 12:15 | Crear | Villager (Male) |
| 12:25 | Construir | Dock |
| 12:51 | Crear | Villager (Male) |
| 12:56 | Construir | House |
| 12:57 | Construir | House |
| 13:12 | Crear | Villager (Male) |
| 13:32 | Crear | Villager (Male) |
| 13:35 | Construir | House |
| 13:36 | Construir | House |
| 13:42 | Crear | Fishing Ship |
| 13:42 | Crear | Fishing Ship |
| 14:07 | Crear | Villager (Male) |
| 14:10 | Construir | Farm |
| 14:10 | Construir | Farm |
| 14:11 | Construir | Farm |
| 14:11 | Construir | Farm |
| 14:14 | Construir | Farm |
| 14:19 | Construir | Farm |
| 14:21 | Crear | Villager (Male) |
| 14:58 | Crear | Villager (Male) |
| 15:00 | Construir | Farm |
| 15:03 | Construir | Farm |
| 15:04 | Construir | Farm |
| 15:08 | Crear | Villager (Male) |
| 15:13 | Investigar | Horse Collar |
| 15:17 | Crear | Villager (Male) |
| 15:33 | Crear | Villager (Male) |
| 16:00 | Crear | Villager (Male) |
| 16:26 | Crear | Militia |
| 16:27 | Crear | Militia |
| 16:27 | Crear | Militia |
| 16:57 | Crear | Villager (Male) |
| 17:00 | Construir | Farm |
| 17:01 | Construir | Farm |
| 17:04 | Crear | Fishing Ship |
| 17:04 | Crear | Fishing Ship |
| 17:05 | Crear | Fishing Ship |
| 17:21 | Crear | Villager (Male) |
| 17:22 | Construir | Farm |
| 17:27 | Crear | Fishing Ship |
| 17:27 | Crear | Fishing Ship |
| 17:28 | Crear | Villager (Male) |
| 17:47 | Construir | Stable |
| 18:04 | Construir | Blacksmith |
| 18:08 | Construir | Market |
| 18:10 | Crear | Villager (Male) |
| 18:34 | Investigar | Loom |
| 18:38 | Investigar | Castle Age |
| 18:59 | Construir | Stone Wall |
| 19:00 | Construir | Building 487 |
| 19:08 | Construir | House |
| 19:08 | Construir | House |
| 19:08 | Construir | House |
| 19:09 | Construir | House |
| 19:09 | Construir | House |
| 19:09 | Construir | House |
| 19:09 | Construir | House |
| 19:11 | Construir | House |
| 19:16 | Crear | Fishing Ship |
| 20:09 | Construir | Farm |
| 20:21 | Construir | Fish Trap |
| 20:26 | Crear | Fishing Ship |
| 20:36 | Investigar | Scale Mail Armor |
| 20:36 | Investigar | Forging |
| 20:46 | Construir | Stone Wall |
| 20:52 | Construir | Stone Wall |
| 20:53 | Construir | Building 487 |
| 21:08 | Crear | Scout Cavalry |
| 21:22 | Construir | Lumber Camp |
| 21:29 | Construir | Fish Trap |
| 21:33 | Construir | House |
| 21:33 | Construir | House |
| 21:33 | Construir | House |
| 21:34 | Construir | House |
| 21:34 | Construir | House |
| 21:44 | Investigar | Gold Mining |
| 21:45 | Investigar | Stone Mining |
| 21:48 | Edad | Edad de los Castillos |
| 22:01 | Crear | Villager (Male) |
| 22:05 | Investigar | Bow Saw |
| 22:19 | Construir | Town Center |
| 22:22 | Crear | Villager (Male) |
| 23:18 | Construir | Mining Camp |
| 23:28 | Construir | University |
| 23:31 | Crear | Villager (Male) |
| 23:43 | Investigar | Wheelbarrow |
| 23:49 | Crear | Villager (Male) |
Build order — 小妖
Primeras 150 de 320 acciones detectadas
| 0:05 | Construir | House |
| 0:06 | Construir | House |
| 0:19 | Crear | Villager (Male) |
| 0:19 | Crear | Villager (Male) |
| 0:19 | Crear | Villager (Male) |
| 0:20 | Crear | Villager (Male) |
| 0:20 | Crear | Villager (Male) |
| 1:41 | Crear | Villager (Male) |
| 1:41 | Crear | Villager (Male) |
| 2:21 | Crear | Villager (Male) |
| 2:47 | Crear | Villager (Male) |
| 2:48 | Crear | Villager (Male) |
| 2:48 | Crear | Villager (Male) |
| 2:53 | Construir | Lumber Camp |
| 3:18 | Construir | Lumber Camp |
| 3:24 | Crear | Villager (Male) |
| 3:25 | Crear | Villager (Male) |
| 3:25 | Crear | Villager (Male) |
| 4:07 | Crear | Villager (Male) |
| 4:18 | Crear | Villager (Male) |
| 4:23 | Construir | House |
| 5:18 | Crear | Villager (Male) |
| 5:44 | Crear | Villager (Male) |
| 6:10 | Crear | Villager (Male) |
| 6:25 | Construir | Barracks |
| 6:57 | Investigar | Feudal Age |
| 7:49 | Crear | Militia ×2 |
| 8:03 | Construir | Mining Camp |
| 8:10 | Crear | Militia |
| 8:11 | Crear | Militia |
| 8:14 | Construir | House |
| 9:07 | Edad | Edad Feudal |
| 9:12 | Investigar | Man-at-Arms (upgrade) |
| 9:17 | Investigar | Arson |
| 9:20 | Crear | Villager (Male) |
| 9:20 | Crear | Villager (Male) |
| 10:10 | Crear | Villager (Male) |
| 10:17 | Construir | Mill |
| 11:04 | Crear | Militia |
| 11:07 | Construir | House |
| 11:28 | Construir | Archery Range |
| 11:28 | Construir | Archery Range |
| 11:43 | Crear | Villager (Male) |
| 11:43 | Crear | Villager (Male) |
| 12:02 | Construir | Farm |
| 12:02 | Construir | Farm |
| 12:03 | Crear | Villager (Male) |
| 12:35 | Crear | Villager (Male) |
| 12:47 | Crear | Archer |
| 12:47 | Crear | Archer |
| 12:48 | Crear | Villager (Male) |
| 13:04 | Crear | Archer |
| 13:27 | Construir | House |
| 13:28 | Construir | House |
| 13:30 | Crear | Archer |
| 13:30 | Crear | Archer |
| 13:45 | Crear | Villager (Male) |
| 13:46 | Crear | Villager (Male) |
| 13:51 | Investigar | Double-Bit Axe |
| 14:11 | Construir | Blacksmith |
| 14:13 | Crear | Archer |
| 14:14 | Crear | Archer |
| 14:21 | Crear | Villager (Male) |
| 14:30 | Construir | House |
| 14:44 | Investigar | Fletching |
| 14:53 | Crear | Archer |
| 14:54 | Crear | Villager (Male) |
| 14:55 | Crear | Villager (Male) |
| 15:22 | Crear | Archer |
| 15:23 | Crear | Archer |
| 15:56 | Crear | Archer |
| 16:01 | Crear | Villager (Male) |
| 16:01 | Crear | Villager (Male) |
| 16:02 | Crear | Villager (Male) |
| 16:43 | Construir | House |
| 16:44 | Crear | Archer |
| 16:44 | Crear | Archer |
| 16:45 | Crear | Archer |
| 16:45 | Crear | Archer |
| 16:46 | Crear | Villager (Male) |
| 16:46 | Crear | Villager (Male) |
| 16:48 | Construir | House |
| 16:52 | Investigar | Horse Collar |
| 17:16 | Crear | Archer |
| 17:18 | Construir | House |
| 17:56 | Construir | House |
| 18:00 | Crear | Archer |
| 18:01 | Crear | Archer |
| 18:03 | Crear | Villager (Male) |
| 18:03 | Crear | Villager (Male) |
| 18:07 | Construir | Lumber Camp |
| 18:10 | Construir | Farm |
| 18:45 | Construir | Stone Wall |
| 18:48 | Construir | Stone Wall |
| 19:18 | Crear | Villager (Male) |
| 19:19 | Crear | Villager (Male) |
| 19:20 | Construir | Farm |
| 19:21 | Construir | Farm |
| 19:22 | Construir | Farm |
| 19:23 | Construir | Farm |
| 20:01 | Crear | Skirmisher |
| 20:01 | Crear | Skirmisher |
| 20:03 | Crear | Skirmisher |
| 20:20 | Investigar | Loom |
| 20:20 | Crear | Villager (Male) |
| 20:35 | Crear | Villager (Male) |
| 20:40 | Construir | Farm |
| 20:41 | Construir | Farm |
| 20:43 | Construir | Farm |
| 20:47 | Construir | Farm |
| 20:47 | Construir | Farm |
| 20:50 | Crear | Villager (Male) |
| 21:19 | Crear | Skirmisher |
| 21:20 | Crear | Skirmisher |
| 21:20 | Crear | Skirmisher |
| 21:29 | Construir | Mining Camp |
| 21:37 | Crear | Skirmisher |
| 21:38 | Crear | Skirmisher |
| 22:24 | Crear | Skirmisher |
| 22:24 | Crear | Skirmisher |
| 22:58 | Crear | Villager (Male) |
| 22:58 | Crear | Villager (Male) |
| 22:59 | Crear | Villager (Male) |
| 23:00 | Crear | Villager (Male) |
| 23:02 | Construir | Farm |
| 23:54 | Crear | Villager (Male) |
| 23:55 | Crear | Villager (Male) |
| 23:56 | Construir | Farm |
| 23:58 | Construir | Farm |
| 24:07 | Construir | Market |
| 25:14 | Investigar | Castle Age |
| 25:41 | Construir | Archery Range |
| 25:53 | Construir | Lumber Camp |
| 26:03 | Construir | Archery Range |
| 26:39 | Crear | Skirmisher |
| 26:39 | Crear | Skirmisher |
| 26:47 | Crear | Skirmisher |
| 26:47 | Crear | Skirmisher |
| 26:59 | Construir | Farm |
| 27:00 | Crear | Skirmisher |
| 27:00 | Crear | Skirmisher |
| 27:04 | Investigar | Padded Archer Armor |
| 27:26 | Crear | Skirmisher |
| 27:27 | Crear | Skirmisher |
| 27:54 | Edad | Edad de los Castillos |
| 27:59 | Investigar | Bodkin Arrow |
| 28:05 | Investigar | Elite Skirmisher (upgrade) |
| 28:17 | Crear | Skirmisher |
| 28:23 | Construir | Archery Range |
| 28:24 | Crear | Villager (Male) |
Cronología de la partida
| 0:43 | SirBrenner · wall_segment Palisade Wall x6 |
| 0:44 | SirBrenner · wall_segment Palisade Wall x5 |
| 1:00 | FC | The Finrod Felegund · wall_segment Palisade Wall x6 |
| 1:05 | SirBrenner · wall_segment Palisade Wall x8 |
| 1:23 | SirBrenner · wall_segment Palisade Wall x4 |
| 1:43 | FC | The Finrod Felegund · wall_segment Palisade Wall x1 |
| 1:57 | FC | The Finrod Felegund · wall_segment Palisade Wall x1 |
| 2:01 | 海的盒子 · wall_segment Palisade Wall x2 |
| 2:04 | 海的盒子 · wall_segment Palisade Wall x1 |
| 2:13 | FC | The Finrod Felegund · wall_segment Palisade Wall x1 |
| 2:14 | FC | The Finrod Felegund · wall_segment Palisade Wall x1 |
| 2:55 | FC | The Finrod Felegund · wall_segment Palisade Wall x8 |
| 3:06 | FC | The Finrod Felegund · wall_segment Palisade Wall x1 |
| 4:16 | SirBrenner · wall_segment Palisade Wall x9 |
| 4:18 | SirBrenner · wall_segment Palisade Wall x3 |
| 4:18 | SirBrenner · wall_segment Palisade Wall x1 |
| 4:19 | SirBrenner · wall_segment Palisade Wall x1 |
| 4:42 | 0.o · first_building Dock |
| 4:53 | FC | The Finrod Felegund · wall_segment Palisade Wall x1 |
| 4:54 | FC | The Finrod Felegund · wall_segment Palisade Wall x1 |
| 4:54 | FC | The Finrod Felegund · wall_segment Palisade Wall x1 |
| 5:20 | Youtube / Saqo Age of empires 2 · first_building Dock |
| 6:09 | busy pushing deer · first_building Barracks |
| 6:25 | 小妖 · first_building Barracks |
| 7:18 | FC | The Finrod Felegund · wall_segment Palisade Wall x6 |
| 7:19 | FC | The Finrod Felegund · wall_segment Palisade Wall x4 |
| 8:18 | 海的盒子 · first_building Dock |
| 8:56 | 海的盒子 · wall_segment Palisade Wall x10 |
| 9:07 | 小妖 · age_up feudal |
| 9:24 | SirBrenner · wall_segment Palisade Wall x1 |
| 9:26 | SirBrenner · wall_segment Palisade Wall x1 |
| 9:27 | SirBrenner · wall_segment Palisade Wall x1 |
| 9:45 | busy pushing deer · age_up feudal |
| 9:46 | SirBrenner · first_building Dock |
| 9:48 | SirBrenner · wall_segment Palisade Wall x1 |
| 10:07 | fangbb · age_up feudal |
| 10:29 | 0.o · age_up feudal |
| 10:42 | SirBrenner · age_up feudal |
| 10:58 | 海的盒子 · age_up feudal |
| 11:20 | FC | The Finrod Felegund · wall_segment Palisade Wall x9 |
| 11:26 | FC | The Finrod Felegund · wall_segment Palisade Wall x1 |
| 11:28 | 小妖 · first_building Archery Range |
| 11:30 | Youtube / Saqo Age of empires 2 · wall_segment Palisade Wall x13 |
| 11:47 | Youtube / Saqo Age of empires 2 · age_up feudal |
| 11:48 | SirBrenner · wall_segment Palisade Wall x1 |
| 11:58 | SirBrenner · first_building Barracks |
| 12:02 | FC | The Finrod Felegund · wall_segment Palisade Wall x1 |
| 12:08 | FC | The Finrod Felegund · age_up feudal |
| 12:17 | FC | The Finrod Felegund · wall_segment Stone Wall x1 |
| 12:25 | busy pushing deer · first_building Dock |
| 12:26 | FC | The Finrod Felegund · wall_segment Stone Wall x1 |
| 12:27 | FC | The Finrod Felegund · wall_segment Stone Wall x1 |
| 12:30 | SirBrenner · wall_segment Palisade Wall x4 |
| 12:40 | FC | The Finrod Felegund · wall_segment Stone Wall x1 |
| 12:53 | FC | The Finrod Felegund · wall_segment Stone Wall x1 |
| 12:57 | FC | The Finrod Felegund · wall_segment Stone Wall x1 |
| 13:00 | FC | The Finrod Felegund · wall_segment Stone Wall x1 |
| 13:00 | fangbb · wall_segment Palisade Wall x1 |
| 13:01 | fangbb · wall_segment Palisade Wall x1 |
| 13:12 | SirBrenner · first_building Archery Range |
| 13:29 | Youtube / Saqo Age of empires 2 · wall_segment Stone Wall x4 |
| 13:33 | SirBrenner · wall_segment Palisade Wall x1 |
| 13:34 | SirBrenner · wall_segment Palisade Wall x1 |
| 13:34 | SirBrenner · wall_segment Palisade Wall x1 |
| 13:34 | FC | The Finrod Felegund · wall_segment Stone Wall x1 |
| 13:35 | SirBrenner · wall_segment Palisade Wall x1 |
| 13:35 | SirBrenner · wall_segment Palisade Wall x1 |
| 13:35 | SirBrenner · wall_segment Palisade Wall x1 |
| 13:36 | SirBrenner · wall_segment Palisade Wall x1 |
| 13:37 | SirBrenner · wall_segment Palisade Wall x1 |
| 13:48 | FC | The Finrod Felegund · wall_segment Stone Wall x1 |
| 13:49 | FC | The Finrod Felegund · wall_segment Stone Wall x1 |
| 13:49 | FC | The Finrod Felegund · wall_segment Stone Wall x1 |
| 14:02 | fangbb · age_up castle |
| 14:05 | 0.o · age_up castle |
| 14:17 | FC | The Finrod Felegund · wall_segment Stone Wall x1 |
| 14:18 | FC | The Finrod Felegund · wall_segment Stone Wall x1 |
| 14:19 | FC | The Finrod Felegund · wall_segment Stone Wall x1 |
| 14:20 | FC | The Finrod Felegund · wall_segment Stone Wall x1 |
| 14:21 | FC | The Finrod Felegund · wall_segment Stone Wall x1 |
| 14:23 | FC | The Finrod Felegund · wall_segment Stone Wall x1 |
| 14:25 | FC | The Finrod Felegund · wall_segment Stone Wall x1 |
| 15:12 | SirBrenner · wall_segment Palisade Wall x1 |
| 15:14 | FC | The Finrod Felegund · wall_segment Stone Wall x1 |
| 15:25 | FC | The Finrod Felegund · wall_segment Stone Wall x9 |
| 15:27 | SirBrenner · wall_segment Palisade Wall x1 |
| 15:28 | SirBrenner · wall_segment Palisade Wall x1 |
| 15:30 | SirBrenner · wall_segment Palisade Wall x1 |
| 15:43 | Youtube / Saqo Age of empires 2 · age_up castle |
| 15:46 | SirBrenner · wall_segment Palisade Wall x1 |
| 15:49 | Youtube / Saqo Age of empires 2 · first_market_buy 100 stone |
| 15:53 | Youtube / Saqo Age of empires 2 · first_building Castle |
| 16:25 | fangbb · first_market_buy 100 stone |
| 16:26 | SirBrenner · wall_segment Palisade Wall x1 |
| 16:28 | SirBrenner · wall_segment Palisade Wall x1 |
| 16:47 | 0.o · first_building Monastery |
| 17:02 | FC | The Finrod Felegund · wall_segment Palisade Wall x1 |
| 17:22 | 海的盒子 · age_up castle |
| 17:23 | 0.o · first_market_buy 100 food |
| 17:47 | busy pushing deer · first_building Stable |
| 18:06 | Youtube / Saqo Age of empires 2 · first_building Siege Workshop |
| 18:45 | 小妖 · wall_segment Stone Wall x18 |
| 18:48 | 小妖 · wall_segment Stone Wall x10 |
| 18:59 | busy pushing deer · wall_segment Stone Wall x8 |
| 19:02 | FC | The Finrod Felegund · first_market_sell 100 stone |
| 19:12 | SirBrenner · wall_segment Palisade Wall x1 |
| 19:17 | FC | The Finrod Felegund · wall_segment Stone Wall x1 |
| 19:20 | FC | The Finrod Felegund · wall_segment Stone Wall x1 |
| 19:37 | 0.o · first_building Castle |
| 19:38 | fangbb · wall_segment Stone Wall x1 |
| 19:39 | fangbb · wall_segment Stone Wall x1 |
| 20:46 | busy pushing deer · wall_segment Stone Wall x5 |
| 20:50 | Youtube / Saqo Age of empires 2 · first_building Monastery |
| 20:52 | busy pushing deer · wall_segment Stone Wall x13 |
| 20:56 | 0.o · wall_segment Stone Wall x1 |
| 21:43 | FC | The Finrod Felegund · age_up castle |
| 21:47 | SirBrenner · wall_segment Stone Wall x1 |
| 21:48 | busy pushing deer · age_up castle |
| 21:50 | SirBrenner · wall_segment Stone Wall x3 |
| 21:51 | SirBrenner · wall_segment Stone Wall x5 |
| 21:58 | FC | The Finrod Felegund · wall_segment Stone Wall x1 |
| 22:04 | 海的盒子 · first_building Monastery |
| 22:12 | FC | The Finrod Felegund · first_building Castle |
| 22:16 | busy pushing deer · first_market_buy 100 stone |
| 22:17 | FC | The Finrod Felegund · wall_segment Stone Wall x1 |
| 22:57 | FC | The Finrod Felegund · first_building Monastery |
| 23:05 | fangbb · wall_segment Stone Wall x1 |
| 23:19 | fangbb · first_building Barracks |
| 23:28 | fangbb · first_building Monastery |
| 23:51 | SirBrenner · wall_segment Stone Wall x8 |
| 24:04 | 0.o · wall_segment Stone Wall x1 |
| 24:10 | fangbb · first_building Archery Range |
| 24:12 | 海的盒子 · first_building Castle |
| 24:24 | FC | The Finrod Felegund · first_market_buy 500 wood |
| 24:59 | fangbb · first_building Stable |
| 25:07 | 小妖 · first_market_buy 100 food |
| 25:23 | 海的盒子 · first_building Siege Workshop |
| 25:49 | 0.o · wall_segment Stone Wall x6 |
| 25:53 | 0.o · first_building Barracks |
| 26:05 | 海的盒子 · first_building Barracks |
| 26:08 | fangbb · first_building Castle |
| 26:23 | 海的盒子 · age_up imperial |
| 26:24 | 0.o · first_building Siege Workshop |
| 26:27 | FC | The Finrod Felegund · wall_segment Stone Wall x1 |
| 26:28 | FC | The Finrod Felegund · wall_segment Stone Wall x1 |
| 26:30 | FC | The Finrod Felegund · wall_segment Stone Wall x8 |
| 26:54 | 海的盒子 · first_building Stable |
| 27:36 | 0.o · first_building Stable |
| 27:54 | 小妖 · age_up castle |
| 28:02 | fangbb · age_up imperial |
| 28:07 | SirBrenner · age_up castle |
| 28:08 | SirBrenner · first_building Monastery |
| 28:11 | SirBrenner · first_building Siege Workshop |
| 28:16 | 0.o · age_up imperial |
| 28:51 | FC | The Finrod Felegund · wall_segment Stone Wall x1 |
| 29:37 | 小妖 · first_building Castle |
| 29:58 | fangbb · first_building Siege Workshop |
| 30:05 | FC | The Finrod Felegund · first_building Siege Workshop |
| 30:12 | FC | The Finrod Felegund · wall_segment Stone Wall x10 |
| 30:41 | SirBrenner · first_building Castle |
| 31:03 | SirBrenner · wall_segment Stone Wall x1 |
| 31:04 | SirBrenner · wall_segment Stone Wall x1 |
| 31:06 | SirBrenner · wall_segment Stone Wall x1 |
| 31:20 | busy pushing deer · first_building Monastery |
| 31:33 | 0.o · first_market_sell 100 food |
| 31:35 | FC | The Finrod Felegund · wall_segment Stone Wall x1 |
| 31:37 | FC | The Finrod Felegund · wall_segment Stone Wall x1 |
| 31:47 | FC | The Finrod Felegund · wall_segment Stone Wall x1 |
| 31:51 | FC | The Finrod Felegund · wall_segment Palisade Wall x1 |
| 31:53 | FC | The Finrod Felegund · wall_segment Palisade Wall x1 |
| 31:58 | FC | The Finrod Felegund · wall_segment Stone Wall x1 |
| 32:07 | SirBrenner · age_up imperial |
| 32:28 | FC | The Finrod Felegund · first_building Barracks |
| 32:45 | Youtube / Saqo Age of empires 2 · tribute_sent a jugador 1 |
| 32:45 | Youtube / Saqo Age of empires 2 · tribute_sent a jugador 2 |
| 32:45 | Youtube / Saqo Age of empires 2 · tribute_sent a jugador 3 |
| 32:45 | Youtube / Saqo Age of empires 2 · tribute_sent a jugador 5 |
| 32:45 | Youtube / Saqo Age of empires 2 · tribute_sent a jugador 6 |
| 32:45 | Youtube / Saqo Age of empires 2 · tribute_sent a jugador 7 |
| 32:45 | Youtube / Saqo Age of empires 2 · tribute_sent a jugador 8 |
| 33:57 | FC | The Finrod Felegund · first_building Archery Range |
| 34:15 | SirBrenner · first_market_sell 500 food |
| 34:15 | SirBrenner · first_market_buy 100 wood |
| 34:47 | busy pushing deer · first_building Castle |
| 35:04 | SirBrenner · wall_segment Stone Wall x5 |
| 35:18 | busy pushing deer · age_up imperial |
| 35:26 | SirBrenner · wall_segment Stone Wall x6 |
| 35:29 | SirBrenner · wall_segment Stone Wall x5 |
| 35:40 | SirBrenner · wall_segment Stone Wall x1 |
| 35:50 | Youtube / Saqo Age of empires 2 · age_up imperial |
| 36:11 | FC | The Finrod Felegund · age_up imperial |
| 36:31 | SirBrenner · wall_segment Stone Wall x1 |
| 36:49 | Youtube / Saqo Age of empires 2 · first_market_sell 100 food |
| 37:06 | FC | The Finrod Felegund · first_building Stable |
| 37:12 | busy pushing deer · first_building Siege Workshop |
| 37:15 | fangbb · first_market_sell 500 food |
| 37:22 | Youtube / Saqo Age of empires 2 · first_building Barracks |
| 38:19 | busy pushing deer · first_market_sell 500 wood |
| 40:23 | 0.o · tribute_sent a jugador 2 |
| 40:23 | 0.o · tribute_sent a jugador 3 |
| 40:23 | 0.o · tribute_sent a jugador 4 |
| 40:23 | 0.o · tribute_sent a jugador 5 |
| 40:23 | 0.o · tribute_sent a jugador 6 |
| 40:23 | 0.o · tribute_sent a jugador 7 |
| 40:23 | 0.o · tribute_sent a jugador 8 |
| 40:34 | 小妖 · first_market_sell 100 wood |
| 42:42 | Youtube / Saqo Age of empires 2 · wall_segment Stone Wall x1 |
| 42:45 | Youtube / Saqo Age of empires 2 · wall_segment Stone Wall x2 |
| 42:46 | Youtube / Saqo Age of empires 2 · wall_segment Stone Wall x1 |
| 43:38 | busy pushing deer · resign |
| 43:59 | 小妖 · age_up imperial |
[ ANÁLISIS IA · 1 CRÉDITO ]
¿Qué pasó realmente en esta partida?
Wolo.gg analiza cada decisión: build order, eco, micro, errores típicos por bracket. Análisis personalizado por WhatsApp o Discord en 30 segundos.
Guía civ
Malayos
Perfil
Jugador #3114212